 Dungeon Crawl Stone Soup version 0.29-a0-90-gc37658a0fe (webtiles) character file.

Game seed: 7980314434794518713

135 lordive the Slasher (level 5, 0/47 HPs)
             Began as a Gnoll Cinder Acolyte on Feb 7, 2022.
             Was a High Priest of Ignis.
             Slain by a kobold (2 damage)
             ... on level 3 of the Dungeon.
             The game lasted 00:03:52 (2641 turns).

lordive the Slasher (Gnoll Cinder Acolyte)          Turns: 2641, Time: 00:03:53

Health: 0/47       AC:  7    Str: 13    XL:     5   Next: 18%
Magic:  9/9        EV:  9    Int: 16    God:    Ignis [*****.]
Gold:   93         SH:  0    Dex:  7    Spells: 10/10 levels left

rFire   + . .      SeeInvis .   c - +0 short sword (flame)
rCold   . . .      Faith    .   (no shield)
rNeg    . . .      Spirit   .   f - +0 scale mail
rPois   .          Reflect  .   g - +0 helmet
rElec   .          Harm     .   (no cloak)
rCorr   .          Rampage  .   (no gloves)
Will    .....                   (no boots)
Stlth   ..........              m - amulet of regeneration
HPRegen 0.95/turn               (no ring)
MPRegen 0.11/turn               (no ring)

@: lethally poisoned (0 -> -3)
A: fangs 1, strong nose, distributed training
a: Renounce Religion, Fiery Armour, Foxfire Swarm, Rising Flame


You were on level 3 of the Dungeon.
You worshipped Ignis.
Ignis was extremely pleased with you.
You visited 1 branch of the dungeon, and saw 3 of its levels.

You collected 93 gold pieces.

Inventory:

Hand Weapons
 a - a -1 falchion of flaming
 c - a +0 short sword of flaming (weapon)
 k - a +1 dagger of venom
Armour
 b - a +0 robe
 f - a +0 scale mail (worn)
 g - a +0 helmet (worn)
 q - the +1 scale mail of Midsummer {rF- Str+6}
   (You found it on level 3 of the Dungeon)

   Str:       It affects your strength (+6).
   rF:        It makes you vulnerable to fire.
Jewellery
 m - an amulet of regeneration (around neck)
 n - a ring of flight
Scrolls
 e - a scroll of immolation {unknown}
 i - a scroll of amnesia {unknown}
 j - 2 scrolls of identify {unknown}
Potions
 d - 2 potions of curing {unknown}
 h - a potion of magic {unknown}
 l - a potion of heal wounds {unknown}
 o - a potion of mutation {unknown}
 p - a potion of haste {unknown}


   Skills:
 + Level 6.6 Fighting
 + Level 1.4 Short Blades
 + Level 6.6 Long Blades
 + Level 1.4 Axes
 + Level 1.4 Maces & Flails
 + Level 1.4 Polearms
 + Level 1.4 Staves
 + Level 1.4 Slings
 + Level 1.4 Bows
 + Level 1.4 Crossbows
 + Level 1.4 Throwing
 + Level 1.4 Armour
 + Level 1.4 Dodging
 + Level 1.4 Stealth
 + Level 1.4 Shields
 + Level 1.4 Unarmed Combat
 + Level 3.1 Spellcasting
 + Level 1.1 Conjurations
 + Level 1.1 Hexes
 + Level 1.1 Summonings
 + Level 1.1 Necromancy
 + Level 1.1 Translocations
 + Level 1.1 Transmutations
 + Level 5.5 Fire Magic
 + Level 1.1 Ice Magic
 + Level 1.1 Air Magic
 + Level 1.1 Earth Magic
 + Level 1.1 Poison Magic
 + Level 1.5 Invocations
 + Level 1.4 Evocations


You had 10 spell levels left.
You didn't know any spells.
Your spell library contained the following spells:

 Spells                   Type           Power      Damage    Failure   Level
 Scorch                   Fire           40%        2d7       14%         2
 Slow                     Hex            24%        N/A       47%         1
 Confusing Touch          Hex            6%         N/A       85%         3
 Vampiric Draining        Necr           6%         2d6       85%         3


Dungeon Overview and Level Annotations

Branches:
Dungeon (3/15)

Altars:

Shops:
D:2 :

Portals:
Sewer: D:3


Innate Abilities, Weirdness & Mutations

You have very sharp teeth.
Your uncanny sense of smell can sniff out nearby items.
Your experience applies equally to all skills.


Message History

You are too injured to fight recklessly!
You are too injured to fight recklessly!
You are too injured to fight recklessly!
You are too injured to fight recklessly!
You are too injured to fight recklessly!
Unknown command.
You feel sick. The kobold hits you with a +0 dagger.
You closely miss the adder.
The adder is lightly wounded.
You feel sick. The adder bites you but does no damage.
The kobold hits you but does no damage. The adder barely misses you.
You hit the adder. You burn the adder.
The adder is severely wounded.
You feel sick. The kobold hits you but does no damage.
The adder bites you but does no damage.
You barely miss the adder.
The adder is severely wounded.
You feel sick. The adder bites you.
You are more poisoned.
The adder poisons you! The kobold hits you with a +0 dagger.
You closely miss the adder.
The adder is severely wounded.
You feel sick. The adder bites you.
* * * LOW HITPOINT WARNING * * *
You are more poisoned.
The adder poisons you! The kobold barely misses you.
The adder barely misses you.
You closely miss the adder.
The adder is severely wounded.
You feel very sick. The kobold misses you. The adder bites you.
* * * LOW HITPOINT WARNING * * *
Unknown command.
You closely miss the adder.
The adder is severely wounded.
You feel very sick. The adder bites you.
* * * LOW HITPOINT WARNING * * *
The kobold hits you with a +0 dagger.
You die...

#∩# #≈# #≈# #≈# ∆ #≈#
∆ #≈# # #≈# #.###S##
#...K@.## #.......#
##### #...#.....#
#...# #.# #.....####
#...# #
##.......####...####
...............†......
#.##...###.####...####
.. #...# #.# #...# # #
##### ### #...# #


You could see an adder and a kobold.

Vanquished Creatures
  Natasha (D:2)
  Robin (D:1)
  3 adders
  A worm (D:2)
  6 dart slugs
  2 bats
  6 endoplasms
  2 giant cockroaches
  12 goblins
  5 hobgoblins
  4 kobolds
  9 ball pythons
  5 frilled lizards
  A rat (D:3)
58 creatures vanquished.

Notes
Turn   | Place    | Note
-------+----------+-------------------------------------------
     0 | D:1      | lordive the Gnoll Cinder Acolyte began the quest for the
                  | Orb.
     0 | D:1      | Reached XP level 1. HP: 23/23 MP: 4/4
   135 | D:1      | Reached XP level 2. HP: 23/29 MP: 5/5
  1118 | D:2      | Noticed Robin
  1178 | D:1      | Reached XP level 3. HP: 26/35 MP: 7/7
  1285 | D:1      | Killed Robin
  1286 | D:1      | Reached skill level 1 in Invocations
  1657 | D:2      | Reached skill level 1 in Short Blades
  1657 | D:2      | Reached skill level 1 in Axes
  1657 | D:2      | Reached skill level 1 in Maces & Flails
  1657 | D:2      | Reached skill level 1 in Polearms
  1657 | D:2      | Reached skill level 1 in Staves
  1657 | D:2      | Reached skill level 1 in Slings
  1657 | D:2      | Reached skill level 1 in Bows
  1657 | D:2      | Reached skill level 1 in Crossbows
  1657 | D:2      | Reached skill level 1 in Throwing
  1657 | D:2      | Reached skill level 1 in Armour
  1657 | D:2      | Reached skill level 1 in Dodging
  1657 | D:2      | Reached skill level 1 in Stealth
  1657 | D:2      | Reached skill level 1 in Shields
  1657 | D:2      | Reached skill level 1 in Unarmed Combat
  1657 | D:2      | Reached skill level 1 in Evocations
  1675 | D:2      | Found Seloog's Book Boutique.
  1708 | D:2      | Reached XP level 4. HP: 36/41 MP: 8/8
  1886 | D:2      | Noticed Natasha
  1894 | D:2      | Killed Natasha
  1895 | D:2      | Reached skill level 1 in Conjurations
  1895 | D:2      | Reached skill level 1 in Hexes
  1895 | D:2      | Reached skill level 1 in Summonings
  1895 | D:2      | Reached skill level 1 in Necromancy
  1895 | D:2      | Reached skill level 1 in Translocations
  1895 | D:2      | Reached skill level 1 in Transmutations
  1895 | D:2      | Reached skill level 1 in Ice Magic
  1895 | D:2      | Reached skill level 1 in Air Magic
  1895 | D:2      | Reached skill level 1 in Earth Magic
  1895 | D:2      | Reached skill level 1 in Poison Magic
  1912 | D:2      | Found a faded altar of an unknown god.
  2283 | D:3      | Reached XP level 5. HP: 40/47 MP: 9/9
  2595 | D:3      | Identified the +1 scale mail of Midsummer {rF- Str+6}
  2628 | D:3      | Found a glowing drain.
  2641 | D:3      | HP: 2/47 [adder (4)]
  2641 | D:3      | Slain by a kobold

Illustrated notes

Levels and vault maps discovered:
D:1:      grunt_arrival_lava_bath, layout_basic, serial_rivers,
          chequers_serial_rivers_micro_a, chequers_serial_rivers_micro_a,
          chequers_serial_rivers_micro_c, chequers_serial_rivers_micro_d
D:2:      layout_basic, basic_ecumenical_altar, serial_shops,
          nicolae_diamond_shop, uniq_robin, uniq_natasha
D:3:      layout_basic, elyvilon_altar_1, portal_sewer_entry_d,
          uniq_crazy_yiuf_cottage

Skill      XL: |  1  2  3  4 |
---------------+-------------+-----
Invocations    | 1 |  1.5
Short Blades   | 1 |  1.4
Axes           | 1 |  1.4
Maces & Flails | 1 |  1.4
Polearms       | 1 |  1.4
Staves         | 1 |  1.4
Slings         | 1 |  1.4
Bows           | 1 |  1.4
Crossbows      | 1 |  1.4
Throwing       | 1 |  1.4
Armour         | 1 |  1.4
Dodging        | 1 |  1.4
Stealth        | 1 |  1.4
Shields        | 1 |  1.4
Unarmed Combat | 1 |  1.4
Evocations     | 1 |  1.4
Spellcasting   | 3 |  3.1
Conjurations   | 1 |  1.1
Hexes          | 1 |  1.1
Summonings     | 1 |  1.1
Necromancy     | 1 |  1.1
Translocations | 1 |  1.1
Transmutations | 1 |  1.1
Ice Magic      | 1 |  1.1
Air Magic      | 1 |  1.1
Earth Magic    | 1 |  1.1
Poison Magic   | 1 |  1.1
Fighting       | |  6.6
Long Blades    | |  6.6
Fire Magic     | |  5.5

Action                   |  1- 3 |  4- 6 || total
-------------------------+-------+-------++-------
Melee: Falchion          |    13 |       ||    13
       Bite              |    13 |     8 ||    21
       Short sword       |   114 |   106 ||   220
       Punch             |     1 |       ||     1
Armor: Robe              |    14 |       ||    14
       Scale mail        |    42 |    39 ||    81
Dodge: Dodged            |    74 |    58 ||   132

Table legend: (Time is in decaauts)
 A = Elapsed time spent in this place.
 B = Non-inter-level travel time spent in this place.
 C = Inter-level travel time spent in this place.
 D = Time resting spent in this place.
 E = Time spent auto-exploring this place.
 F = Levels seen in this place.
 G = Mean time per level.
                   A        B        C        D        E       F      G
               +--------+--------+--------+--------+--------+-----+--------+
         Total |   2671 |   2615 |     56 |    258 |   1899 |   3 |  890.3 |
       Dungeon |   2671 |   2615 |     56 |    258 |   1899 |   3 |  890.3 |
               +--------+--------+--------+--------+--------+-----+--------+

Top non-repeatable levels by time:
     D:1: 1420 daAuts
     D:2: 866 daAuts
     D:3: 385 daAuts
